 Dungeon Crawl Stone Soup version 0.17-a0-1769-g54adf96 (webtiles) character file.

365 wvc the Magician (level 6, -6/38 HPs)
             Began as a High Elf Wizard on Sept 7, 2015.
             Was a Follower of Cheibriados.
             Mangled by a wasp zombie (8 damage)
             ... in an ossuary.
             The game lasted 00:14:43 (4442 turns).

wvc the Magician (High Elf Wizard)                  Turns: 4442, Time: 00:14:43

Health: -6/38      AC:  5    Str:  9    XL:     6   Next: 40%
Magic:  14/16      EV:  8    Int: 26    God:    Cheibriados [*.....]
Gold:   136        SH:  0    Dex: 18    Spells: 4 memorised, 11 levels left

rFire  . . .     SeeInvis .     t - +4 dagger (venom)
rCold  . . .     Clarity  .     a - +0 robe
rNeg   . . .     SustAt   .     (no shield)
rPois  .         Gourm    .     b - +2 hat
rElec  .         Spirit   .     g - +0 cloak
rCorr  +         Warding  .     (no gloves)
rMut   .         Stasis   .     (no boots)
MR     +....                    n - amulet of resist corrosion
Stlth  ++........               (no ring)
                                j - ring of protection from magic

@: repel missiles, very slow, somewhat resistant to hostile enchantments,
unstealthy
A: no striking features
a: Bend Time, Renounce Religion


You were in an ossuary.
You worshipped Cheibriados.
Cheibriados was aware of your devotion.
You were not hungry.

You visited 1 branch of the dungeon, and saw 4 of its levels.
You also visited: Ossuary.

You collected 136 gold pieces.

Inventory:

Hand weapons
 m - a +0 long sword
 t - a +4 dagger of venom (weapon)
Missiles
 k - 24 poisoned needles
Armour
 a - a +0 robe (worn)
 b - a +2 hat (worn)
 g - a +0 cloak (worn)
Jewellery
 j - a ring of protection from magic (left hand)
 n - an amulet of resist corrosion (around neck)
Magical devices
 l - a wand of confusion (14)
 o - a wand of polymorph (12)
Scrolls
 i - a scroll of identify
 q - a scroll of enchant armour
Potions
 e - a potion of heal wounds
 h - a potion of might
 r - a potion of magic
Books
 c - a book of Minor Magic

   Spells                             Type                      Level
   a - Magic Dart                     Conjuration                  1
   b - Blink                          Translocation                2
   c - Call Imp                       Summoning                    2
   d - Repel Missiles                 Charms/Air                   2
   e - Slow                           Hexes                        2
   f - Conjure Flame                  Conjuration/Fire             3
   g - Mephitic Cloud                 Conjuration/Poison/Air       3
Comestibles
 d - a bread ration
 f - 2 chunks of flesh
 p - a meat ration


   Skills:
 + Level 1.4 Fighting
 + Level 1.6 Short Blades
 - Level 2.1 Dodging
 - Level 2.1 Stealth
 + Level 6.6 Spellcasting
 + Level 2.9 Conjurations
 + Level 2.1 Summonings
 + Level 1.1 Translocations
 + Level 0.2 Air Magic


You had 11 spell levels left.
You knew the following spells:

 Your Spells              Type           Power        Failure   Level  Hunger
a - Magic Dart            Conj           ###.         1%          1    None
b - Blink                 Tloc           N/A          10%         2    None
c - Call Imp              Summ           ###.....     4%          2    None
d - Repel Missiles        Chrm/Air       #.....       12%         2    None


Dungeon Overview and Level Annotations

Branches:
Dungeon (4/15)
 Temple: D:4-7

Altars:
Cheibriados


Message History

The mummy is severely damaged.
The wasp zombie barely misses you. The mummy misses you.
Your crimson imp hits the wasp zombie but does no damage.
Your crimson imp hits the mummy.
The wasp zombie hits you.
The mummy closely misses your crimson imp.
There is an open door here.
The wasp zombie hits you!
* * * LOW HITPOINT WARNING * * *
You hit the wasp zombie.
Your crimson imp barely misses the mummy.
The mummy hits your crimson imp!!
Your crimson imp dies!
The wasp zombie barely misses you. The wasp zombie hits you.
* * * LOW HITPOINT WARNING * * *
Something bites your crimson imp.
Your crimson imp hits the mummy but does no damage.
There is a gate leading back out of this place here.
The wasp zombie hits you!
You die...

##≈ ##≈# .#.#
#+#+#'#'#'#.≈.
+...5..5..≈≈≈≈+
#.##'##+##+##≈#
#..M# #.∩Z#
#..@# #####


You could see a mummy, a wasp zombie and a friendly crimson imp.

Vanquished Creatures
  An ogre (D:3)
  A centaur zombie (Ossuary)
  Natasha (thrice) (D:2)
  A mummy (Ossuary)
  3 gnolls (D:2)
  6 adders
  2 worms (D:2)
  2 giant geckos (D:1)
  4 orcs
  5 giant cockroaches
  7 hobgoblins
  5 jackals (D:2)
  13 kobolds
  3 ball pythons (D:2)
  10 bats
  A giant newt (D:1)
  11 goblins
  A jackal zombie (Ossuary)
  A quokka (D:3)
  6 rats
86 creatures vanquished.

Vanquished Creatures (collateral kills)
  An orc wizard (D:4)
  An adder (D:2)
  2 gnolls (D:2)
  A worm (D:2)
  A giant gecko (D:3)
  An orc (D:4)
  A goblin (D:2)
  A hobgoblin (D:2)
  2 jackals (D:2)
  A kobold (D:2)
  A bat (D:2)
13 creatures vanquished.

Grand Total: 99 creatures vanquished

Notes
Turn   | Place    | Note
--------------------------------------------------------------
     0 | D:1      | wvc the High Elf Wizard began the quest for the Orb.
     0 | D:1      | Reached XP level 1. HP: 11/11 MP: 6/6
   237 | D:1      | Reached skill level 4 in Spellcasting
   390 | D:1      | Reached XP level 2. HP: 17/17 MP: 2/8
   431 | D:1      | Learned a level 2 spell: Blink
   434 | D:1      | Learned a level 2 spell: Call Imp
   437 | D:1      | Learned a level 2 spell: Repel Missiles
  1320 | D:2      | Reached XP level 3. HP: 21/21 MP: 0/10
  1359 | D:2      | HP: 1/21 [gnoll/flail (10)]
  1360 | D:2      | Reached skill level 5 in Spellcasting
  1504 | D:2      | Reached skill level 1 in Summonings
  1915 | D:2      | Reached XP level 4. HP: 27/27 MP: 7/12
  2840 | D:2      | Noticed Natasha
  2848 | D:2      | Killed Natasha
  2914 | D:2      | Reached XP level 5. HP: 24/32 MP: 12/14
  3057 | D:2      | Noticed Natasha
  3100 | D:2      | Killed Natasha
  3100 | D:2      | Reached skill level 1 in Short Blades
  3169 | D:2      | Noticed Natasha
  3209 | D:2      | Killed Natasha
  3385 | D:3      | Found a snail-covered altar of Cheibriados.
  3402 | D:3      | Became a worshipper of Cheibriados the Contemplative
  3761 | D:3      | Acquired Cheibriados's first power
  3858 | D:3      | Noticed an ogre
  3888 | D:3      | Killed an ogre
  3888 | D:3      | Reached skill level 1 in Fighting
  3888 | D:3      | Reached skill level 6 in Spellcasting
  3888 | D:3      | Reached XP level 6. HP: 29/38 MP: 13/16
  4335 | D:4      | Found a sand-covered staircase.
  4355 | Ossuary  | Entered an ossuary
  4442 | Ossuary  | Mangled by a wasp zombie

Vault maps used:
D:1:      minmay_arrival_four_loops, serial_forest,
          infiniplex_forest_straight_4, infiniplex_forest_straight_4,
          infiniplex_forest_lined_corner, infiniplex_forest_end_1,
          infiniplex_forest_3_way, infiniplex_forest_corner_1,
          infiniplex_forest_lined_3, infiniplex_forest_zigzag_2
D:2:      st_stairs_5, uniq_natasha
D:3:      lemuel_doored_altar
D:4:      lemuel_coloured_pillars_altar, enter_ossuary_1
Ossuary:  ossuary_zaba_flooded

Action                   |  1- 3 |  4- 6 || total
-------------------------+-------+-------++-------
Melee: Mace              |    10 |       ||    10
       Short sword       |    23 |     2 ||    25
       Dagger            |       |   161 ||   161
 Cast: Magic Dart        |    75 |    79 ||   154
       Call Imp          |     7 |    19 ||    26
       Repel Missiles    |     1 |     1 ||     2
  Use: Scroll            |       |    14 ||    14
 Stab: Distracted        |     1 |     1 ||     2
       Sleeping          |       |     1 ||     1
  Eat: Chunk             |     3 |     6 ||     9
       Bread ration      |       |     1 ||     1
